 Seeded DCSS version 0.26.1-12-g5ba1501909 (webtiles) character file.

Game seed: 20211016 (custom seed)

1411 zamel the Spear-Bearer (level 8, -3/69 HPs)
             Began as a Minotaur Gladiator on Oct 16, 2021.
             Was an Initiate of Gozag.
             Slain by an orc
             ... wielding a +0 morningstar
              (7 damage)
             ... on level 6 of the Dungeon on Nov 25, 2021.
             The game lasted 00:32:17 (6195 turns).

zamel the Spear-Bearer (Minotaur Gladiator)         Turns: 6195, Time: 00:32:19

Health: -3/69      AC:  8    Str: 21    XL:     8   Next: 43%
Magic:  7/7        EV: 13    Int:  5    God:    Gozag
Gold:   41         SH:  0    Dex: 12    Spells: 7/7 levels left

rFire    . . .     SeeInvis .   D - +0 broad axe
rCold    . . .     Faith    .   (no shield)
rNeg     . . .     Spirit   .   E - +0 scale mail
rPois    .         Reflect  .   c - +0 hat
rElec    .         Harm     .   (no cloak)
rCorr    .         Rampage  .   (no gloves)
Will     .....                  e - +0 pair of boots
Stlth    ..........             y - amulet of inaccuracy (curse)
HPRegen  0.21/turn              F - ring of attention (curse)
MPRegen  0.10/turn              (no ring)

@: gold aura
A: retaliatory headbutt, horns 2
a: Renounce Religion, Potion Petition, Call Merchant, Bribe Branch


You were on level 6 of the Dungeon.
You worshipped Gozag.
Gozag was noncommittal.
You visited 1 branch of the dungeon, and saw 6 of its levels.

You collected 595 gold pieces.
You spent 519 gold pieces at shops.
You paid 35 gold pieces to Gozag.

Inventory:

Hand Weapons
 a - a +0 trident
 j - a +0 whip
 t - a +0 rapier
 C - a +0 hand axe
 D - a +0 broad axe (weapon)
Missiles
 d - 3 throwing nets
 h - 39 sling bullets
 i - 110 arrows
 I - 8 boomerangs
Armour
 b - a +0 leather armour
 c - a +0 hat (worn)
 e - a +0 pair of boots (worn)
 s - a +0 ring mail
 E - a +0 scale mail (worn)
Jewellery
 y - a cursed amulet of inaccuracy (around neck)
 F - a cursed ring of attention (left hand)
Wands
 G - a wand of iceblast (10) (quivered)
Scrolls
 k - 2 scrolls of enchant armour {unknown}
 l - a scroll of immolation
 n - 2 scrolls of blinking {unknown}
 o - 4 scrolls of remove curse {unknown}
 p - 4 scrolls of identify {unknown}
 r - a scroll of fear {unknown}
 u - a scroll of amnesia {unknown}
 w - a scroll of enchant weapon {unknown}
Potions
 f - 2 potions of heal wounds {unknown}
 g - a potion of invisibility {unknown}
 m - a potion of might {unknown}
 q - 2 potions of haste {unknown}
 v - a potion of resistance {unknown}
 x - a potion of flight {unknown}
 z - a potion of attraction {unknown}
 A - a potion of magic {unknown}
 B - a potion of cancellation {unknown}
 H - a potion of lignification {unknown}


   Skills:
 + Level 5.5 Fighting
 + Level 8.2 Polearms
 + Level 2.9 Throwing
 + Level 5.5 Armour
 + Level 6.1 Dodging
 + Level 1.2 Stealth


You had 7 spell levels left.
You didn't know any spells.
Your spell library was empty.

Dungeon Overview and Level Annotations

Branches:
Dungeon (6/15)
 Temple: D:4-7

Altars:
Gozag
Wu Jian

Shops:
D:6 *


Innate Abilities, Weirdness & Mutations

You reflexively headbutt those who attack you in melee.
You have a pair of horns on your head.


Message History

The magic dart hits you. Something hits you but does no damage.
The orc warrior hits you but does no damage.
The orc barely misses you.
You hit the orc warrior. You headbutt the orc warrior.
The orc warrior is moderately wounded.
You completely miss something. You closely miss the orc. You slash the orc!
You kill the orc!
Something hits you.
The orc warrior hits you with a +0 long sword!
* * * LOW HITPOINT WARNING * * *
The orc misses you.
You barely miss the orc warrior.
The orc warrior is moderately wounded.
You miss something. You miss the orc. Something hits you.
* * * LOW HITPOINT WARNING * * *
The orc warrior hits you with a +0 long sword!
* * * LOW HITPOINT WARNING * * *
The orc hits you with a +0 morningstar!
You die...
Your body crumbles into a pile of gold.

#.#.......#..........
##...#................
##..###...............
#...# ##..............
#..## ##.............
##..# #............#
#...# ###..........#
##..## ###.o$....#
#...# ##@o..### #...#
##{...... ...##
....... ...# ...####
..## $ ..## ...# $ .##
.#.## o .# ##..# .. ##
###.## ...


You could see an orc warrior and an orc.

Vanquished Creatures
  The ghost of PALITOR the Chopper, a novice MiBe of Trog (D:5)
  A sky beast (D:5)
  A phantom (D:5)
  An ogre (D:5)
  A centaur (D:6)
  2 howler monkeys
  A jelly (D:2)
  A quasit (D:5)
  2 orc priests (D:4)
  An orc wizard (D:5)
  A centaur skeleton (D:5)
  A gnoll shaman (D:2)
  4 hounds
  Terence (D:2)
  An iguana (D:5)
  A worker ant (D:6)
  A killer bee zombie (D:5)
  A howler monkey skeleton (D:5)
  4 gnolls (D:2)
  8 adders
  2 white imps (D:5)
  An ufetubus (D:5)
  2 oozes (D:1)
  2 adder zombies (D:5)
  An adder skeleton (D:6)
  A worm (D:4)
  2 dart slugs (D:3)
  2 leopard geckos
  13 orcs
  4 giant cockroaches
  6 goblins
  7 hobgoblins
  9 jackals
  3 quokkas
  A ball python (D:1)
  8 bats
  4 frilled lizards
  8 kobolds
  A leopard gecko skeleton (D:4)
  2 rats
114 creatures vanquished.

Vanquished Creatures (others)
  3 plants (D:3)
3 creatures vanquished.

Grand Total: 117 creatures vanquished

Notes
Turn   | Place    | Note
-------+----------+-------------------------------------------
     0 | D:1      | zamel the Minotaur Gladiator began the quest for the Orb.
     0 | D:1      | Reached XP level 1. HP: 18/18 MP: 0/0
    82 | D:1      | Reached XP level 2. HP: 23/25 MP: 1/1
    84 | D:1      | Reached skill level 4 in Polearms
   265 | D:1      | Reached XP level 3. HP: 24/30 MP: 2/2
   516 | D:2      | Reached XP level 4. HP: 8/38 MP: 3/3
   523 | D:2      | Reached skill level 5 in Polearms
   523 | D:2      | Reached skill level 1 in Armour
  1037 | D:2      | Reached XP level 5. HP: 35/45 MP: 4/4
  1074 | D:2      | Noticed Terence
  1097 | D:2      | Killed Terence
  1976 | D:3      | Found an opulent altar of Gozag.
  1994 | D:3      | Became a worshipper of Gozag Ym Sagoz the Greedy
  2129 | D:3      | Found a faded altar of an unknown god.
  2273 | D:3      | Found an ornate altar of the Wu Jian Council.
  2468 | D:4      | Reached XP level 6. HP: 37/52 MP: 5/5
  3798 | D:5      | Entered Level 5 of the Dungeon
  3833 | D:5      | Reached skill level 6 in Polearms
  4160 | D:5      | Reached skill level 5 in Dodging
  4160 | D:5      | Reached XP level 7. HP: 24/59 MP: 6/6
  4582 | D:5      | Found a runed translucent door.
  4582 | D:5      | Noticed PALITOR's ghost (novice MiBe)
  4612 | D:5      | Killed PALITOR's ghost
  4613 | D:5      | Reached skill level 5 in Fighting
  4613 | D:5      | Reached skill level 7 in Polearms
  4613 | D:5      | Reached skill level 1 in Stealth
  4977 | D:5      | Reached XP level 8. HP: 56/68 MP: 7/7
  5171 | D:5      | Reached skill level 5 in Armour
  5450 | D:6      | Reached skill level 8 in Polearms
  5451 | D:6      | Found Zenetus's Assorted Antiques.
  5704 | D:6      | Bought a broad axe for 116 gold pieces
  5704 | D:6      | Bought a scale mail for 116 gold pieces
  5704 | D:6      | Bought a gilded ring for 145 gold pieces
  5704 | D:6      | Bought a worn gold wand for 116 gold pieces
  5704 | D:6      | Bought a clear potion for 26 gold pieces
  6195 | D:6      | Slain by an orc

Illustrated notes

Levels and vault maps discovered:
D:1:      nzn_arrival_depleted_hourglass, layout_basic
D:2:      layout_basic, uniq_terence
D:3:      layout_rooms, nicolae_overflow_crystal_walls,
          chequers_ecumenical_altar_lobes, grunt_gozag_breadcrumbs
D:4:      layout_gridville
D:5:      layout_basic, hellmonk_ghost_happy_afterlife
D:6:      layout_cave_pods, serial_shops, kennysheep_mini_moat, shop, shop

Skill      XL: |  1  2  3  4  5  6  7  8 |
---------------+-------------------------+-----
Polearms       | 4 5 6 7 8 |  8.2
Fighting       | 3 4 5 |  5.5
Armour         | 1 2 3 4 5 |  5.5
Dodging        | 4 5 6 |  6.1
Stealth        | 1 |  1.2
Throwing       | |  2.9

Action                   |  1- 3 |  4- 6 |  7- 9 || total
-------------------------+-------+-------+-------++-------
Melee: Trident           |    70 |   179 |   112 ||   361
       Headbutt          |    10 |    33 |    27 ||    70
       Broad axe         |       |       |    14 ||    14
  Use: Scroll            |     1 |       |       ||     1
Armor: Leather armour    |    22 |    21 |       ||    43
       Ring mail         |       |    47 |    45 ||    92
       Scale mail        |       |       |     1 ||     1
Dodge: Dodged            |    60 |   172 |    85 ||   317
